 Dungeon Crawl Stone Soup version 0.25.0-11-g1f837a76a1 (webtiles) character file.

Game seed: 16243645246247952182

1250 dengdeng the Covered (level 8, -8/68 HPs)
             Began as a Minotaur Berserker on June 26, 2020.
             Was a Priest of Trog.
             Mangled by Harold
             ... wielding a +0 long sword
              (15 damage)
             ... on level 7 of the Dungeon.
             The game lasted 00:15:03 (5665 turns).

dengdeng the Covered (Minotaur Berserker)           Turns: 5665, Time: 00:15:03

Health: -8/68      AC: 10    Str: 23    XL:     8   Next: 26%
Magic:  7/7        EV:  7    Int:  4    God:    Trog [***...]
Gold:   277        SH: 11    Dex: 11    Spells: 7/7 levels left

rFire    . . .     SeeInvis .   a - +0 hand axe
rCold    . . .     Gourm    .   A - +2 kite shield {reflect}
rNeg     . . .     Faith    .   k - +0 chain mail
rPois    .         Spirit   .   (helmet restricted)
rElec    .         Reflect  +   (no cloak)
rCorr    .         Harm     .   (no gloves)
MR       .....                  (no boots)
Stlth    ..........             (no amulet)
HPRegen  0.21/turn              (no ring)
MPRegen  0.10/turn              (no ring)

@: marked
A: retaliatory headbutt, claws 1, horns 2, deterioration 1
a: Berserk, Trog's Hand, Renounce Religion


You were on level 7 of the Dungeon.
You worshipped Trog.
Trog was most pleased with you.
You were not hungry.

You visited 1 branch of the dungeon, and saw 7 of its levels.

You collected 277 gold pieces.

Inventory:

Hand Weapons
 a - a +0 hand axe (weapon)
Missiles
 g - 4 boomerangs
 i - 13 javelins (quivered)
 p - 156 stones
Armour
 k - a +0 chain mail (worn)
 A - a +2 kite shield of reflection (worn)
Jewellery
 l - an uncursed ring of ice {unknown}
 q - a +6 ring of strength {unknown}
 u - an uncursed ring of magical power {unknown}
 v - a +6 ring of intelligence {unknown}
Wands
 h - a wand of random effects (22)
 y - a wand of flame (15)
Scrolls
 d - 12 scrolls of identify {unknown}
 e - a scroll of fear {unknown}
 f - 10 scrolls of remove curse {unknown}
 m - 4 scrolls of teleportation {unknown}
 n - 2 scrolls of magic mapping {unknown}
 o - 3 scrolls of enchant weapon {unknown}
 r - a scroll of fog {unknown}
 x - a scroll of enchant armour {unknown}
Potions
 b - a potion of stabbing {unknown}
 j - a potion of ambrosia {unknown}
 s - 2 potions of curing {unknown}
 t - a potion of invisibility {unknown}
 w - a potion of flight
 z - a potion of cancellation
 B - a potion of heal wounds {unknown}
Comestibles
 c - 6 rations


   Skills:
 + Level 5.1 Fighting
 + Level 5.4 Axes
 * Level 5.6 Throwing
 * Level 7.2 Armour
 + Level 3.5 Dodging
 + Level 0.5 Stealth
 + Level 2.2 Shields


You had 7 spell levels left.
You didn't know any spells.
Your spell library was empty.

Dungeon Overview and Level Annotations

Branches:
Dungeon (7/15)
 Temple: D:4-7

Altars:
Cheibriados
Elyvilon
Fedhas
Hepliaklqana
Nemelex Xobeh
Xom
Zin
The Shining One

Annotations:
D:7 Harold


Innate Abilities, Weirdness & Mutations

You reflexively headbutt those who attack you in melee.
You have a pair of horns on your head.
You have sharp fingernails.
Your body sometimes deteriorates upon taking damage.


Message History

Harold is severely wounded.
You hit the adder zombie.
You destroy the adder zombie!
Trog accepts your kill.
Harold pauses a moment, imagining something with a smile on his face.
You block Harold's attack.
You hit Harold but do no damage. Your headbutt misses Harold.
Harold is severely wounded.
Harold hits you with a +0 long sword!
You hit Harold.
Harold is severely wounded.
Harold hits you with a +0 long sword!
You hit Harold. You headbutt Harold, but do no damage.
Harold is severely wounded.
Harold hits you with a +0 long sword!
* * * LOW HITPOINT WARNING * * *
You barely miss Harold.
Harold is severely wounded.
Harold hits you with a +0 long sword!
You die...

........##....#
........##....# ..##
.##.....##....# ....
.##.#....#....#####...#.
....#.............#....(
........................
<.#.##.######........#
.รท.....######........+
...........##...@@...#
.....................#
...........######..###
......##...# ..#
......####.. .(!
.........# ..##
.##.#.##.<..# ..#
............. ..#
.#######.....


You could see Harold.

Vanquished Creatures
  A hungry ghost (D:5)
  An ice beast (D:5)
  A sky beast (D:7)
  A bullfrog (D:6)
  3 scorpions
  A howler monkey (D:2)
  4 crimson imps (D:5)
  4 hounds
  An orc priest (D:3)
  3 jellies
  Ijyb (D:3)
  Jessica (D:3)
  3 worker ants (D:4)
  A worker ant zombie (D:5)
  5 gnolls
  6 adders
  An adder zombie (D:7)
  2 worms (D:3)
  2 dart slugs
  3 leopard geckos
  5 orcs
  6 bats
  5 giant cockroaches
  2 hobgoblins
  10 jackals
  3 quokkas
  2 ball pythons
  7 frilled lizards
  4 goblins
  6 kobolds
  3 rats
98 creatures vanquished.

Vanquished Creatures (others)
  A dart slug (D:1)
  A hobgoblin (D:1)
2 creatures vanquished.

Grand Total: 100 creatures vanquished

Notes
Turn   | Place    | Note
-------+----------+-------------------------------------------
     0 | D:1      | dengdeng the Minotaur Berserker began the quest for the
                  | Orb.
     0 | D:1      | Reached XP level 1. HP: 19/19 MP: 0/0
   381 | D:1      | Reached XP level 2. HP: 27/27 MP: 1/1
   647 | D:1      | Reached XP level 3. HP: 33/33 MP: 2/2
   651 | D:1      | You fall into a shaft and drop 1 floor!
  1152 | D:2      | Found a snail-covered altar of Cheibriados.
  1354 | D:2      | Reached skill level 1 in Throwing
  1354 | D:2      | Reached skill level 3 in Armour
  1354 | D:2      | Reached XP level 4. HP: 22/41 MP: 3/3
  1847 | D:3      | Reached ** piety under Trog
  1847 | D:3      | Noticed Jessica
  1860 | D:3      | Killed Jessica
  1860 | D:3      | Reached XP level 5. HP: 30/47 MP: 4/4
  2436 | D:3      | You fall into a shaft and drop 1 floor!
  2503 | D:4      | Reached skill level 5 in Axes
  2503 | D:4      | Reached XP level 6. HP: 11/55 MP: 5/5
  2512 | D:4      | Gained mutation: Your body sometimes deteriorates upon
                  | taking damage. [potion of mutation]
  2512 | D:4      | Gained mutation: You have sharp fingernails. [potion of
                  | mutation]
  2517 | D:4      | HP: 4/82 [poisoned by a worker ant]
  2524 | D:4      | HP: 4/82 [poisoned by a worker ant]
  2532 | D:4      | HP: 4/82 [poisoned by a worker ant]
  3621 | D:3      | Noticed Ijyb
  3625 | D:3      | Killed Ijyb
  3625 | D:3      | Reached skill level 4 in Armour
  3647 | D:3      | Found a hazy altar of Hepliaklqana.
  3735 | D:4      | Found a glowing golden altar of the Shining One.
  3735 | D:4      | Found a glowing silver altar of Zin.
  3736 | D:4      | Found a white marble altar of Elyvilon.
  3956 | D:5      | Entered Level 5 of the Dungeon
  3956 | D:5      | Noticed a hungry ghost
  3989 | D:5      | Killed a hungry ghost
  4056 | D:5      | Noticed an ice beast
  4081 | D:5      | Killed an ice beast
  4081 | D:5      | Reached skill level 5 in Fighting
  4081 | D:5      | Reached skill level 5 in Armour
  4081 | D:5      | Reached XP level 7. HP: 47/61 MP: 6/6
  4156 | D:5      | Reached *** piety under Trog
  4316 | D:5      | Identified the Almanac of Freezing Enhancements
  4428 | D:5      | Reached skill level 6 in Armour
  4431 | D:5      | Reached skill level 1 in Shields
  4931 | D:6      | Reached skill level 5 in Throwing
  4949 | D:6      | Reached XP level 8. HP: 68/68 MP: 7/7
  5291 | D:6      | Found a blossoming altar of Fedhas.
  5291 | D:6      | Found a sparkling altar of Nemelex Xobeh.
  5292 | D:6      | Found a shimmering altar of Xom.
  5414 | D:7      | Reached skill level 7 in Armour
  5628 | D:7      | Noticed Harold
  5665 | D:7      | Mangled by Harold

Illustrated notes

Levels and vault maps discovered:
D:1:      matt_arrival_refuge, layout_loops_corners, minmay_misc_feat_x,
          lemuel_flame_loot_1
D:2:      layout_loops_cross, cheibriados_altar_1
D:3:      layout_basic, lemuel_doored_altar, corexii_leaking_fountain,
          minmay_cut_off, uniq_ijyb, uniq_jessica
D:4:      layout_cave_pods, good_gods_temple_1, first_ration
D:5:      layout_gridville
D:6:      layout_rooms, gammafunk_temple_overflow_claw
D:7:      layout_basic, trog_eyes_of_draining, minmay_temple_entry_purple_smoke,
          uniq_harold

Skill      XL: |  1  2  3  4  5  6  7  8 |
---------------+-------------------------+-----
Fighting       | 4 5 |  5.1
Axes           | 4 5 |  5.4
Throwing       | 1 3 4 5 |  5.6
Armour         | 3 5 6 7 |  7.2
Dodging        | 3 |  3.5
Shields        | 2 |  2.2
Stealth        | |  0.5

Action                   |  1- 3 |  4- 6 |  7- 9 || total
-------------------------+-------+-------+-------++-------
Melee: Hand axe          |    62 |   104 |    88 ||   254
       Headbutt          |     8 |    16 |    18 ||    42
Throw: Javelin           |     2 |    11 |    45 ||    58
       Boomerang         |     6 |    66 |       ||    72
Invok: Berserk           |       |     1 |       ||     1
  Use: Potion            |       |     8 |       ||     8
  Eat: Chunk             |     1 |     9 |     3 ||    13
       Ration            |       |     2 |       ||     2
Armor: Animal skin       |    11 |       |       ||    11
       Ring mail         |       |    14 |       ||    14
       Chain mail        |       |    21 |    29 ||    50
       Scale mail        |       |     1 |       ||     1
Dodge: Dodged            |    51 |    27 |    18 ||    96
Block: Kite shield       |       |    29 |    36 ||    65
       Reflection        |       |       |     1 ||     1
